Map: Orbital Shipyard

Players

Crowbar

  • Race: Zerg Zerg
  • League: Master

Miszu - Winner!

  • Race: Terran Terran
  • League: Grandmaster

VOD

Have the link to the VOD?

Description

Time

  • Played on: Feb. 19, 2016, 11:16 a.m.
  • Length: 8:50
Show
View Real Time Build Order
Export as new Build Order

Crowbar Zerg 

Build Orders: Hatch First, Zergling Baneling 

Get SALT Encoding   

  12  0:00  Drone  
  13  0:12  Overlord  
  13  0:18  Drone  
  14  0:30  Drone x2  
  16  0:48  Hatchery  
  15  0:51  Drone  
  15  0:54  Drone  
  17  1:02  Extractor  
  16  1:10  Spawning Pool  
  15  1:16  Drone  
  15  1:17  Drone  
  17  1:32  Drone  
  18  1:34  Drone  
  19  1:44  Overlord  
  19  1:57  Queen  
  19  1:58  Zergling x2  
  19  2:00  Zergling x2  
  23  2:10  Queen  
  23  2:11  Drone x2  
  23  2:14  Metabolic Boost  
  27  2:21  Drone  
  28  2:26  Drone x2  
  30  2:37  Drone  
  31  2:46  Roach Warren  
  31  2:47  Overlord  
  31  2:50  Drone x2  
  32  2:57  Drone  
  33  3:01  Drone  
  34  3:05  Overlord  
  34  3:06  Overlord  
  34  3:17  Extractor  
  33  3:26  Roach  
  39  3:27  Roach x3  
  39  3:28  Roach x2  
  45  3:34  Roach  
  45  3:37  Drone x2  
  49  3:42  Zergling x8  
  53  3:54  Baneling Nest  
  51  4:01  Zergling x2  
  51  4:02  Zergling x8  
  55  4:04  Overlord  
  55  4:09  Overlord  
  55  4:15  Zergling x2  
  56  4:29  Zergling x12  
  62  4:40  Baneling x9  
  62  4:48  Zergling x14, Baneling x3  
  47  5:21  Drone x2  
  47  5:27  Lair  
  38  5:39  Drone  
  38  5:40  Drone x2  
  38  5:42  Evolution Chamber  
  39  5:45  Extractor  
  39  5:46  Hatchery  
  39  5:47  Extractor, Queen, Hatchery  
  38  5:51  Drone x5  
  38  5:54  Drone  
  38  5:56  Drone  
  44  5:58  Drone  
  45  6:07  Drone  
  45  6:10  Drone  
  47  6:14  Drone  
  48  6:23  Drone  
  48  6:24  Drone x3  
  52  6:30  Spire  
  52  6:32  Zerg Melee Weapons Level 1  
  51  6:40  Drone x2  
  51  6:41  Drone x4  
  51  6:43  Overseer  
  57  6:50  Baneling x2  
  57  7:03  Drone  
  57  7:04  Drone x7  
  65  7:11  Overlord  
  65  7:17  Zergling x2  
  65  7:18  Zergling x2  
  65  7:22  Baneling x3  
  67  7:23  Zergling x12  
  73  7:31  Zergling x2  
  73  7:35  Zergling x10  
  79  7:37  Baneling x2  
  79  7:38  Baneling  
  79  7:41  Zergling x2  
  80  7:44  Baneling x2  
  80  7:45  Baneling  
  80  7:46  Zergling x2  
  80  7:47  Zergling x8  
  85  7:56  Zergling x4  
  69  8:02  Mutalisk  
  59  8:06  Mutalisk x4  
  59  8:09  Baneling x11  
  67  8:17  Zergling x4  
  69  8:25  Zergling x2  
  69  8:29  Overseer  
Show
View Real Time Build Order
Export as new Build Order

Miszu Terran - Winner!

Build Orders: MMM Bio 

Get SALT Encoding   

  12  0:00  SCV  
  13  0:13  SCV  
  14  0:18  Supply Depot  
  14  0:25  SCV  
  15  0:40  SCV  
  15  0:41  Barracks  
  16  0:44  Refinery  
  16  0:52  SCV  
  17  1:04  SCV  
  18  1:16  SCV  
  19  1:28  Orbital Command  
  19  1:30  Barracks Reactor  
  19  1:40  Command Center  
  19  1:50  Supply Depot  
  19  1:54  SCV  
  20  2:06  SCV  
  21  2:09  Reaper x2  
  23  2:18  SCV  
  24  2:30  SCV  
  24  2:33  Command Center  
  25  2:41  Reaper x2  
  25  2:42  SCV  
  28  2:53  Orbital Command  
  28  2:54  Supply Depot, SCV  
  29  3:00  Refinery  
  29  3:06  SCV  
  29  3:12  Barracks  
  30  3:15  Barracks  
  30  3:17  Reaper  
  30  3:18  Reaper, SCV  
  33  3:20  SCV  
  34  3:32  SCV  
  34  3:33  SCV  
  36  3:44  SCV, Orbital Command  
  36  3:45  SCV  
  38  3:53  Factory  
  38  3:56  SCV  
  38  3:57  SCV  
  38  4:00  Marine x2  
  38  4:02  Barracks Tech Lab x2  
  42  4:08  SCV  
  42  4:09  SCV  
  44  4:10  SCV  
  44  4:15  Refinery x2  
  45  4:18  Marine x2  
  45  4:20  Marine x2, SCV  
  45  4:21  SCV  
  45  4:22  SCV  
  45  4:23  Stimpack  
  52  4:32  SCV  
  52  4:33  Bunker, SCV  
  52  4:34  SCV  
  52  4:36  Marine x2  
  56  4:38  Marine x2  
  56  4:43  Bunker, Widow Mine  
  56  4:44  SCV  
  61  4:59  Supply Depot  
  61  5:00  Supply Depot x2  
  54  5:20  Marine x3  
  53  5:21  Marine  
  53  5:27  Factory Reactor  
  54  5:29  SCV x2  
  54  5:30  Starport  
  56  5:38  Marine x3  
  56  5:39  Marine  
  56  5:41  Supply Depot  
  59  5:44  SCV x3  
  59  5:47  Supply Depot  
  62  5:56  Marine x3, SCV  
  66  5:57  Marine  
  66  5:59  SCV, Orbital Command  
  69  6:10  Engineering Bay, SCV  
  69  6:11  Engineering Bay  
  69  6:12  SCV  
  69  6:13  Marine x3  
  69  6:15  Marine  
  69  6:16  Combat Shields  
  74  6:22  SCV  
  74  6:23  Factory Reactor  
  74  6:24  SCV  
  74  6:25  SCV  
  77  6:31  Marine x3, Medivac x2  
  84  6:32  Marine  
  84  6:38  Supply Depot  
  84  6:39  SCV x3  
  88  6:40  Supply Depot  
  88  6:44  Terran Infantry Weapons Level 1, Terran Infantry Armor Level 1  
  88  6:47  Barracks  
  88  6:49  Marine x2, Barracks  
  88  6:51  SCV x2  
  88  6:53  SCV  
  93  6:58  Supply Depot  
  93  6:59  Supply Depot, Marine x2  
  93  7:00  Supply Depot  
  95  7:06  Widow Mine x2  
  95  7:07  Marine x2, Medivac  
  95  7:08  Medivac  
  105  7:17  Marine x2  
  107  7:22  Supply Depot  
  107  7:23  Supply Depot x2  
  107  7:28  Marine x2  
  109  7:34  Barracks Reactor, Widow Mine  
  109  7:35  Command Center  
  111  7:42  Marine  
  111  7:43  Marine x2  
  114  7:45  Marine  
  114  7:46  Marine  
  114  7:47  Widow Mine  
  111  8:00  Marine  
  111  8:01  Marine x2  
  111  8:03  Marine x2, Widow Mine  
  111  8:04  Medivac x2  
  122  8:08  Supply Depot  
  122  8:15  Marine x2  
  122  8:18  Marine  
  122  8:19  Marine x2  
  127  8:21  Marine x2  
  129  8:33  Missile Turret  
Tags
 
Add a new tag
Caveats
  • Supply blocks, unpowered buildings, or Contaminate may cause inaccurate times.
  • Supply counts are checked every 10 seconds.